AoeStats
← ecerva.27

Arena

508889499Analyzed
4v4 RM · 8d ago on Sep 24, 2026· 44m 21s· 8 players
Game mode
Random Map
Map size
Large (8 player)
Population
200
Speed
Normal
Resources
Standard
Victory
Conquest
Starting age
Dark Age
Ending age
Imperial Age
RankedLock teamsTeams togetherTeam positionsShared explorationLock speedFull tech treeHidden civsTurbo modeCheats
Victory
Defeat
🇯🇵 Spanish · Japan
1252
+17
🇨🇳 Italians · China
1235
+18
🇹🇼 Varangians · Taiwan
1206
+19
🇭🇰 Varangians · Hong Kong SAR China
1187
+19
🇨🇳 Sicilians · China
1299
-19
🇮🇹 Cumans · Italy
1295
-19
🇨🇴 Saxons · Colombia
1279
-19
🇲🇽 Varangians · Mexico
1207
-16
FoldedAunt23528
9:48 Feudal Age
14:24 Castle Age
12:52 Stone Mining
13:33 Double-Bit Axe
13:44 Loom
13:54 Horse Collar
17:17 Bow Saw
22:21 Wheelbarrow
21:32 Town Watch
21:59 Heavy Plow
23:13 Gold Mining
28:58 Imperial Age
27:06 Scale Barding Armor
27:41 Devotion
28:13 Chain Barding Armor
30:22 Town Patrol
35:07 Faith
36:13 Plate Barding Armor
37:48 Hand Cart
38:24 Fletching
38:35 Padded Archer Armor
38:45 Forging
39:36 Bodkin Arrow
40:29 Leather Archer Armor
41:27 Two-Man Saw
41:34 Iron Casting
41:17 Bracer
40:49 Elite Skirmisher
42:13 Thumb Ring
43:33 Chemistry
43:04 Ballistics
43:38 Ring Archer Armor
七七2025
12:18 Feudal Age
16:47 Castle Age
14:34 Double-Bit Axe
14:31 Horse Collar
18:53 Bow Saw
18:44 Heavy Plow
19:53 Gold Mining
25:05 Loom
26:18 Fletching
26:30 Padded Archer Armor
27:37 Bodkin Arrow
30:17 Wheelbarrow
33:19 Imperial Age
30:36 Town Watch
31:36 Stone Mining
33:35 Hand Cart
33:57 Stone Shaft Mining
35:45 Two-Man Saw
35:17 Crop Rotation
35:03 Elite Genoese Crossbowman
36:40 Fortified Wall
36:41 Masonry
39:17 Chemistry
38:42 Ballistics
39:41 Thumb Ring
39:38 Bracer
39:54 Leather Archer Armor
40:13 Architecture
42:04 Ring Archer Armor
43:01 Hoardings
43:50 Town Patrol
bbkuan 冠宇
10:29 Feudal Age
14:25 Castle Age
12:13 Double-Bit Axe
12:26 Horse Collar
15:30 Bow Saw
17:24 Wheelbarrow
21:17 Heavy Plow
22:42 Gold Mining
26:02 Hand Cart
28:37 Imperial Age
25:53 Loom
26:13 Stone Mining
26:28 Scale Mail Armor
26:39 Forging
26:36 Scale Mail Armor
26:42 Scale Barding Armor
27:29 Squires
26:49 Pikeman
28:05 Iron Casting
30:31 Chemistry
29:52 Ballistics
30:08 Crop Rotation
29:20 Halberdier
33:38 Chain Mail Armor
34:24 Blast Furnace
35:15 Conscription
35:30 Plate Mail Armor
34:47 Arson
37:58 Chain Barding Armor
41:17 Elite Jarl
45:13 Plate Barding Armor
EBE_3
10:19 Feudal Age
11:15 Double-Bit Axe
14:04 Castle Age
12:08 Horse Collar
15:13 Bow Saw
16:54 Wheelbarrow
19:12 Loom
19:26 Loom
19:56 Scale Barding Armor
20:36 Heavy Plow
21:01 Husbandry
23:41 Gold Mining
23:41 Stone Mining
24:50 Bloodlines
25:22 Loom
27:22 Chain Barding Armor
27:37 Hand Cart
32:06 Imperial Age
29:22 Loom
29:22 Town Watch
30:15 Forging
31:50 Stone Shaft Mining
32:09 Cavalier
32:18 Cavalier
34:31 Plate Barding Armor
34:32 Iron Casting
34:22 Devotion
35:23 Capped Ram
35:45 Onager
37:36 Scale Mail Armor
38:36 Blast Furnace
37:23 Vendel Legacy
38:31 Light Cavalry
39:02 Fletching
40:16 Chemistry
39:36 Ballistics
40:37 Conscription
41:37 Two-Man Saw
40:43 Gothikon
42:03 Coinage
41:45 Guilds
44:04 Bodkin Arrow
43:41 Siege Ram
ecerva.27
10:18 Feudal Age
15:24 Castle Age
14:15 Loom
15:22 Horse Collar
15:29 Double-Bit Axe
26:30 Forging
27:50 Wheelbarrow
28:03 Iron Casting
31:58 Imperial Age
30:07 Bloodlines
29:58 Husbandry
30:28 Scale Barding Armor
32:30 Gold Mining
33:32 Chain Barding Armor
33:40 Conscription
33:30 Cavalier
jaimeerp
10:41 Feudal Age
11:35 Loom
15:06 Castle Age
15:58 Double-Bit Axe
18:22 Wheelbarrow
18:53 Bow Saw
23:22 Horse Collar
23:59 Hand Cart
25:51 Gold Mining
26:04 Heavy Plow
26:51 Sanctity
32:10 Imperial Age
30:18 Fletching
30:28 Padded Archer Armor
31:03 Fortified Wall
31:06 Masonry
32:22 Bodkin Arrow
31:49 Crossbowman
32:36 Thumb Ring
32:53 Ballistics
34:06 Conscription
34:40 Architecture
35:35 Leather Archer Armor
35:23 Bracer
37:49 Leather Archer Armor
37:36 Arbalester
41:39 Ring Archer Armor
44:04 Fortified Wall
Tonytony_Chopper
9:19 Feudal Age
10:26 Double-Bit Axe
18:56 Castle Age
17:07 Horse Collar
18:15 Gold Mining
20:51 Gold Shaft Mining
20:10 Stone Mining
20:32 Bow Saw
21:41 Wheelbarrow
27:56 Imperial Age
25:15 Capped Ram
27:10 Scale Barding Armor
27:16 Forging
27:36 Pikeman
28:17 Scale Mail Armor
28:40 Chain Barding Armor
29:45 Two-Man Saw
29:12 Conscription
28:29 Cavalier
30:22 Bloodlines
30:06 Loom
31:52 Iron Casting
31:52 Fletching
32:24 Ballistics
33:05 Chemistry
33:00 Bodkin Arrow
33:06 Padded Archer Armor
33:11 Light Cavalry
33:12 Paladin
34:28 Thumb Ring
34:44 Leather Archer Armor
35:45 Parthian Tactics
37:39 Plate Barding Armor
38:05 Blast Furnace
38:40 Ring Archer Armor
38:11 Elite Skirmisher
38:49 Hussar
knife
10:09 Feudal Age
11:44 Loom
14:57 Castle Age
13:20 Horse Collar
13:54 Double-Bit Axe
15:51 Scale Mail Armor
16:03 Forging
20:01 Bow Saw
20:54 Scale Mail Armor
23:13 Iron Casting
24:55 Chain Mail Armor
25:17 Wheelbarrow
26:43 Hand Cart
32:53 Imperial Age
30:27 Fletching
31:36 Masonry
31:46 Bodkin Arrow
34:23 Plate Mail Armor
34:53 Blast Furnace
34:15 Pikeman
34:55 Squires
35:50 Gambesons
35:52 Arson
35:57 Capped Ram
37:46 Halberdier
38:24 Siege Ram
Connection lost

Rejoining the realm…

Still unreachable

The connection could not be restored.

Session expired

The server has moved on; the page needs a fresh start.